 Dungeon Crawl Stone Soup version 0.31-a0-204-g7da18cac08 (webtiles) character file.

Game seed: 5132381098227001310

68 AlmostDecent the Magician (level 4, 0/31 HPs)
             Began as a Djinni Conjurer on June 28, 2023.
             Slain by Natasha (3 damage)
             ... on level 2 of the Dungeon.
             The game lasted 00:04:14 (1093 turns).

AlmostDecent the Magician (Djinni Conjurer)         Turns: 1093, Time: 00:04:15

Health: 0/31       AC:  4    Str:  6    XL:     4   Next: 41%
Gold:   67         EV: 12    Int: 22    God:
                   SH:  0    Dex: 11

rFire   + + .        h - +0 short sword
rCold   x . .        (no shield)
rNeg    . . .        a - +0 robe
rPois   ∞            (no helmet)
rElec   .            d - +1 cloak
rCorr   .            (no gloves)
SInv    .            (boots unavailable)
Will    .....        (no amulet)
Stlth   ++           (no ring)
HPRegen 0.25/turn    (no ring)
MPRegen 0.00/turn

%: infuse magic (-1 HP)
@: flying, slowed, very slow
A: sickness immunity, fire resistance 2, cold vulnerability 1, float, innate
caster, HP casting, extra vitality 1
a: no special abilities


You were on level 2 of the Dungeon.
You visited 1 branch of the dungeon, and saw 2 of its levels.

You collected 67 gold pieces.

Inventory:

Hand Weapons
 c - a +0 whip
 h - a +0 short sword (weapon)
Armour
 a - a +0 robe (worn)
 d - a +1 cloak (worn)
 i - a +0 leather armour
Scrolls
 f - a scroll of amnesia {unknown}
 j - a scroll of silence {unknown}
 k - 2 scrolls of identify {unknown}
 l - a scroll of enchant weapon {unknown}
 n - a scroll of fear {unknown}
 o - a scroll of immolation {unknown}
Potions
 b - a potion of cancellation {unknown}
 e - 4 potions of enlightenment {unknown}
 g - 2 potions of curing {unknown}
 m - a potion of berserk rage {unknown}


   Skills:
 + Level 3.3 Dodging
 + Level 2.4 Stealth
 * Level 3.7 Spellcasting
 * Level 3.7 Conjurations
 * Level 3.7 Hexes
 * Level 3.7 Summonings
 * Level 3.7 Necromancy
 * Level 3.7 Translocations
 * Level 3.7 Transmutations
 * Level 3.7 Fire Magic
 * Level 3.7 Ice Magic
 * Level 3.7 Air Magic
 * Level 3.7 Earth Magic
 * Level 3.7 Poison Magic


You knew the following spells:

 Your Spells              Type           Power      Damage    Failure   Level
a - Magic Dart            Conj           80%        1d7       2%          1
b - Searing Ray           Conj           40%        2d5       3%          2
c - Dazzling Flash        Conj/Hex       40%        N/A       8%          3
d - Fulminant Prism       Conj/Hex       10%        3d8       24%         4
e - Iskenderun's Mystic   Conj/Tloc      20%        2d6       24%         4
f - Necrotise             Necr           80%        1d8       2%          1
Your spell library was empty.

Dungeon Overview and Level Annotations

Branches:
Dungeon (2/15)

Altars:
Wu Jian

Annotations:
D:2 Natasha


Innate Abilities, Weirdness & Mutations

You are immune to sickness and miasma.
You are immune to poison.
Your flesh is very heat resistant. (rF++)
You are vulnerable to cold. (rC-)
You float through the air rather than walking.
You learn spells naturally, not from books.
Your magical power is your life essence.
You have superior vitality. (+4 MHP)


Message History

You can't see any susceptible monsters within range! (Use Z to cast anyway.)
You can't see any susceptible monsters within range! (Use Z to cast anyway.) Natasha barely misses you.
Natasha is nearby!
The magic dart hits Natasha.
Natasha is moderately wounded.
Natasha casts a spell.
The magic dart hits Natasha.
Natasha is moderately wounded.
Natasha claws you.
The magic dart hits Natasha.
Natasha is heavily wounded.
The cerulean imp barely misses you. Natasha claws you.
The magic dart hits Natasha but does no damage.
Natasha is heavily wounded.
The cerulean imp misses you. Natasha casts a spell at you.
You feel yourself slow down.
The magic dart hits Natasha but does no damage.
Natasha is heavily wounded.
The cerulean imp closely misses you. Natasha claws you.
You are too injured to fight recklessly!
You are too injured to fight recklessly!
You are too injured to fight recklessly!
Casting: Magic Dart (safe; 2% risk of failure)
Confirm with . or Enter, or press ? or * to list all spells.
Aiming: Magic Dart (safe; 2% risk of failure)
Press: ? - help, Shift-Dir - straight line, f/p - Natasha
Aim: Natasha (heavily wounded, 100% to hit)
The magic dart hits Natasha.
Natasha is severely wounded.
The cerulean imp hits you from afar with a +2 spear.
* * * LOW HITPOINT WARNING * * *
Natasha stares at you and mumbles some strange words.
The magic dart hits you.
* * * LOW HITPOINT WARNING * * *
The cerulean imp hits you from afar with a +2 spear.
* * * LOW HITPOINT WARNING * * *
Natasha claws you.
You die...

#..†)......##.....†..
#.########....####.##
#.# ###### #.## #.#
#.## #.######## #.##
#........# #...
#..#####.# ####
#..#####.######
#...@.##......#
##.##h##......# ###
#.....5.......#####..
#..##...#.....##.....
#..##...#.....##.##.#
#.......###.####.##..
#...##..###).........
#..†##...#######.##..
#.....###.######.##..


You could see Natasha and a cerulean imp (summoned).

Vanquished Creatures
  Natasha (D:2)
  A worm (D:2)
  A dart slug (D:1)
  5 ball pythons
  4 bats
  3 endoplasms (D:1)
  3 goblins
  6 hobgoblins
  2 quokkas (D:1)
  2 frilled lizards
  4 kobolds
  3 rats
35 creatures vanquished.

Notes
Turn   | Place    | Note
-------+----------+-------------------------------------------
     0 | D:1      | AlmostDecent the Djinni Conjurer began the quest for the
                  | Orb.
     0 | D:1      | AlmostDecent set off with the following spells memorised:
                  | Magic Dart, Searing Ray, Dazzling Flash, Fulminant Prism,
                  | Iskenderun's Mystic Blast.
     0 | D:1      | Reached XP level 1. HP: 15/15 MP: 0/0
   101 | D:1      | Reached XP level 2. HP: 19/21 MP: 0/0
   355 | D:1      | Reached XP level 3. HP: 22/25 MP: 0/0
   355 | D:1      | Learned a level 1 spell: Necrotise
   817 | D:2      | Found an ornate altar of the Wu Jian Council.
   971 | D:2      | Noticed Natasha
   978 | D:2      | Killed Natasha
   979 | D:2      | Reached XP level 4. HP: 15/31 MP: 0/0
  1083 | D:2      | Noticed Natasha
  1093 | D:2      | Slain by Natasha

Illustrated notes

Levels and vault maps discovered:
D:1:      amcnicky_arrival_double_pillar, layout_basic, nrook_mini_backslash
D:2:      layout_loops_cross, basic_altar, uniq_natasha

Skill      XL: |  1  2  3 |
---------------+----------+-----
Stealth        | 2 |  2.4
Dodging        | 3 |  3.3
Spellcasting   | |  3.7
Conjurations   | |  3.7
Hexes          | |  3.7
Summonings     | |  3.7
Necromancy     | |  3.7
Translocations | |  3.7
Transmutations | |  3.7
Fire Magic     | |  3.7
Ice Magic      | |  3.7
Air Magic      | |  3.7
Earth Magic    | |  3.7
Poison Magic   | |  3.7

Action                     |  1- 3 |  4- 6 || total
---------------------------+-------+-------++-------
   Cast: Magic Dart        |    87 |    11 ||    98
 Armour: Robe              |     2 |       ||     2
  Dodge: Dodged            |     9 |     4 ||    13

Table legend: (Time is in decaauts)
 A = Elapsed time spent in this place.
 B = Non-inter-level travel time spent in this place.
 C = Inter-level travel time spent in this place.
 D = Time resting spent in this place.
 E = Time spent auto-exploring this place.
 F = Levels seen in this place.
 G = Mean time per level.
                   A        B        C        D        E       F      G
               +--------+--------+--------+--------+--------+-----+--------+
         Total |   1092 |   1055 |     37 |      0 |    863 |   2 |  546.0 |
       Dungeon |   1092 |   1055 |     37 |      0 |    863 |   2 |  546.0 |
               +--------+--------+--------+--------+--------+-----+--------+

Top non-repeatable levels by time:
     D:1: 676 daAuts
     D:2: 416 daAuts
